 Dungeon Crawl Stone Soup version 0.31.0-9-g3a7656b989 (webtiles) character file.

Game seed: 5552193534540474766

427 Killerpretzel the Conjurer (level 6, -1/32 HPs)
             Began as a Deep Elf Conjurer on Jan 24, 2024.
             Slain by an orc warrior
             ... wielding a +0 glaive
              (12 damage)
             ... on level 4 of the Dungeon.
             The game lasted 00:15:59 (2462 turns).

Killerpretzel the Conjurer (Deep Elf Conjurer)      Turns: 2462, Time: 00:16:00

Health: -1/32      AC:  6    Str:  4    XL:     6   Next: 65%
Magic:  1/17       EV: 12    Int: 25    God:
Gold:   168        SH:  0    Dex: 13    Spells: 14/17 levels left

rFire   . . .        l - +0 short sword
rCold   . . .        (no shield)
rNeg    . . .        a - +0 robe
rPois   .            (no helmet)
rElec   .            h - +2 cloak
rCorr   .            (no gloves)
SInv    .            v - +0 pair of boots
Will    .....        (no amulet)
Stlth   ++           r - ring of wizardry
HPRegen 0.25/turn    (no ring)
MPRegen 0.15/turn

%: wizardry (x1)
@: no status effects
A: no striking features
a: no special abilities


You were on level 4 of the Dungeon.
You visited 1 branch of the dungeon, and saw 4 of its levels.

You collected 168 gold pieces.

Inventory:

Hand Weapons
 d - a +0 mace
 l - a +0 short sword (weapon)
 m - a +1 sling of flaming
 n - a +0 hand axe
Armour
 a - a +0 robe (worn)
 h - a +2 cloak (worn)
 v - a +0 pair of boots (worn)
Magical Staves
 e - a staff of alchemy
Jewellery
 r - a ring of wizardry (left hand)
Talismans
 t - a flux talisman
Scrolls
 c - a scroll of immolation
 g - 3 scrolls of noise
 i - a scroll of teleportation {unknown}
 j - a scroll of enchant armour {unknown}
 o - a scroll of butterflies
 q - 2 scrolls of identify {unknown}
 s - a scroll of enchant weapon {unknown}
 w - a scroll of blinking {unknown}
 x - a scroll of torment {unknown}
Potions
 b - 2 potions of magic
 f - a potion of mutation {unknown}
 k - a potion of heal wounds {unknown}
 p - a potion of curing {unknown}
 u - 2 potions of enlightenment {unknown}


   Skills:
 - Level 2.4 Dodging
 - Level 2.4 Stealth
 * Level 6.1 Spellcasting
 * Level 7.6 Conjurations


You had 14 spell levels left.
You knew the following spells:

 Your Spells              Type           Power      Damage    Failure   Level
a - Magic Dart            Conj           100%       1d8       1%          1
b - Searing Ray           Conj           90%        2d7       1%          2

Your spell library contained the following spells:

 Spells                   Type           Power      Damage    Failure   Level
 Slow                     Hex            28%        N/A       3%          1
 Fulminant Prism          Conj/Alch      13%        3d8       6%          4
 Iskenderun's Mystic Bla  Conj/Tloc      26%        2d7       6%          4
 Confusing Touch          Hex            7%         N/A       9%          3
 Sigil of Binding         Hex            7%         N/A       9%          3
 Vampiric Draining        Necr           7%         2d6       9%          3
 Chain Lightning          Conj/Air       13%        3d17      100%        9
 Fire Storm               Conj/Fire      13%        8d3       100%        9
 Shatter                  Erth           3%         3d7*      100%        9


Dungeon Overview and Level Annotations

Branches:
Dungeon (4/15)
 Temple: D:4-7

Altars:
Ashenzari
Kikubaaqudgha
Nemelex Xobeh

Annotations:
D:1 exclusion: 2 downstairs
D:2 Sigmund


Message History

Press: ? - help, Shift-Dir - straight line, p - orc wizard The searing ray hits the orc wizard.
You kill the orc wizard! (Press . to maintain the ray.)
The orc warrior shouts!
The orc wizard shouts!
The searing ray hits the orc warrior.
The orc warrior is lightly wounded.
The searing ray hits the orc warrior!
The orc warrior is heavily wounded.
The searing ray hits the orc wizard.
The orc wizard is lightly wounded.
The orc wizard gestures wildly while chanting.
The orc wizard flickers and vanishes!
Deactivating autopickup; reactivate with Ctrl-A.
The searing ray misses the orc warrior.
The searing ray hits something!
You finish channelling your searing ray.
The orc warrior hits you from afar with a +0 glaive.
Casting: Searing Ray (safe; 1% risk of failure)
Confirm with . or Enter, or press ? or * to list all spells.
Aiming: Searing Ray (safe; 1% risk of failure)
Press: ? - help, Shift-Dir - straight line The searing ray hits the orc warrior!
The orc warrior is severely wounded. (Press . to maintain the ray.)
The orc warrior closely misses you.
The searing ray hits the orc warrior.
The orc warrior is almost dead.
The searing ray hits the orc!
You kill the orc!
The orc warrior hits you from afar with a +0 glaive!!
Ouch! That really hurt!
The searing ray hits something.
Reactivating autopickup.
You feel a bit more experienced.
The searing ray hits the orc warrior but does no damage.
The orc warrior is almost dead.
The searing ray hits the orc!
You kill the orc!
The orc warrior hits you from afar with a +0 glaive!
You die...

# #......)....
#.####.##... .#
#..###.##... ..
#......##..† #.
#......##### # #. ##
#......# ##. ##.##..##
#......#
#..##.#.##..###......#
.....#..@)o)).......#
#..#..######......#
#...#†....#...####
##.##....##.....##..#
#.# ....##........#
#.# ..####.....#.##
#######.########.....#
..
.....................#
##
...#.........#..<....#


You could see an orc warrior.

Vanquished Creatures
  An ogre (D:4)
  2 bombardier beetles
  A hound (D:3)
  An orc priest (D:3)
  Natasha (thrice) (D:2)
  2 orc wizards (D:4)
  4 adders
  3 dart slugs
  A ribbon worm (D:4)
  8 orcs
  4 endoplasms
  5 giant cockroaches
  4 goblins
  5 hobgoblins
  4 kobolds
  4 quokkas
  4 ball pythons
  4 bats
  4 frilled lizards
  7 rats
71 creatures vanquished.

Notes
Turn   | Place    | Note
-------+----------+-------------------------------------------
     0 | D:1      | Killerpretzel the Deep Elf Conjurer began the quest for the
                  | Orb.
     0 | D:1      | Reached XP level 1. HP: 10/10 MP: 6/6
   154 | D:1      | Reached XP level 2. HP: 15/15 MP: 1/8
   281 | D:1      | Reached skill level 5 in Conjurations
   284 | D:1      | Learned a level 2 spell: Searing Ray
   751 | D:2      | Reached XP level 3. HP: 19/19 MP: 4/9
   848 | D:2      | Found a faded altar of an unknown god.
   986 | D:2      | Noticed Natasha
   990 | D:2      | Killed Natasha
   995 | D:2      | Reached skill level 6 in Conjurations
   995 | D:2      | Reached XP level 4. HP: 24/24 MP: 2/12
  1144 | D:2      | Noticed Sigmund
  1158 | D:2      | Noticed Natasha
  1225 | D:3      | Reached XP level 5. HP: 28/28 MP: 8/13
  1489 | D:3      | Found an ancient bone altar of Kikubaaqudgha.
  1548 | D:3      | Found a sparkling altar of Nemelex Xobeh.
  1698 | D:3      | Reached skill level 5 in Spellcasting
  1749 | D:3      | Found a broken altar of Ashenzari.
  2045 | D:2      | Killed Natasha
  2046 | D:2      | Reached skill level 7 in Conjurations
  2101 | D:2      | Reached XP level 6. HP: 32/32 MP: 5/15
  2113 | D:2      | Noticed Natasha
  2118 | D:2      | Killed Natasha
  2454 | D:4      | Noticed an orc warrior
  2462 | D:4      | Slain by an orc warrior

Illustrated notes

Levels and vault maps discovered:
D:1:      heliophobic_arrival_glass_houses, layout_rooms, hex_tiny,
          chequers_serial_rivers_micro_c
D:2:      layout_rooms, chequers_ecumenical_altar_lobes, uniq_sigmund,
          uniq_natasha, uniq_crazy_yiuf_cottage
D:3:      layout_basic, mainiacjoe_overflow_concentric_impassable,
          mainiacjoe_overflow_cross_hatched, mainiacjoe_overflow_small_starburst
D:4:      layout_rooms, chequers_ossuary_entry_cave, minmay_pentangle

Skill      XL: |  1  2  3  4  5  6 |
---------------+-------------------+-----
Conjurations   | 5 6 7 |  7.6
Spellcasting   | 4 5 6 |  6.1
Dodging        | |  2.4
Stealth        | |  2.4

Action                     |  1- 3 |  4- 6 || total
---------------------------+-------+-------++-------
   Cast: Magic Dart        |    50 |    69 ||   119
         Searing Ray       |     1 |    14 ||    15
    Use: Scroll            |       |     3 ||     3
 Armour: Robe              |       |    19 ||    19
  Dodge: Dodged            |     1 |    19 ||    20
